 Dungeon Crawl Stone Soup version 0.24.1 (webtiles) character file.

Game seed: 7696243777636855262, levelgen mode: deterministic

388 Destapler the Skirmisher (level 6, -10/50 HPs)
             Began as a Demonspawn Gladiator on Mar 28, 2020.
             Was an Initiate of Dithmenos.
             Blown up by a gnoll (19 damage)
             ... with a disintegration bolt
             ... on level 3 of the Dungeon.
             The game lasted 00:13:21 (3693 turns).

Destapler the Skirmisher (Demonspawn Gladiator)     Turns: 3693, Time: 00:13:22

Health: -10/50     AC:  5    Str: 14    XL:     6   Next: 49%
Magic:  6/7        EV: 15    Int:  9    God:    Dithmenos [......]
Gold:   50         SH:  9    Dex: 17    Spells: 5/5 levels left

rFire    . . .     SeeInvis .   a - +0 trident
rCold    + . .     Gourm    .   t - +0 shield
rNeg     . . .     Faith    .   b - +0 leather armour
rPois    .         Spirit   .   (helmet restricted)
rElec    .         Reflect  .   (no cloak)
rCorr    .         Harm     .   w - +0 pair of gloves
MR       .....                  x - +0 pair of boots
Stlth    ++++......             q - amulet of the acrobat
HPRegen  0.16/turn              h - +5 ring of evasion
MPRegen  0.10/turn              A - ring of protection from cold

@: no status effects
A: horns 1, nightstalker 2, spiny 1
a: Renounce Religion


You were on level 3 of the Dungeon.
You worshipped Dithmenos.
Dithmenos was noncommittal.
You were very hungry.

You visited 2 branches of the dungeon, and saw 5 of its levels.

You collected 368 gold pieces.
You spent 318 gold pieces at shops.

Inventory:

Hand Weapons
 a - a +0 trident (weapon)
 r - a +1 falchion of slicing
 C - a +2 halberd of pain
Missiles
 d - 4 throwing nets (quivered)
 g - 124 stones
Armour
 b - a +0 leather armour (worn)
 t - a +0 shield (worn)
 w - a +0 pair of gloves (worn)
 x - a +0 pair of boots (worn)
Jewellery
 h - a +5 ring of evasion (left hand)
 q - an amulet of the acrobat (around neck)
 A - a ring of protection from cold (right hand)
Wands
 p - a wand of iceblast (11)
Scrolls
 j - a scroll of enchant weapon {unknown}
 m - a scroll of immolation {unknown}
 n - a scroll of remove curse {unknown}
 o - 2 scrolls of identify
 y - 2 scrolls of blinking
 z - a scroll of amnesia {unknown}
 B - a scroll of noise {unknown}
Potions
 c - a potion of resistance
 e - a potion of magic {unknown}
 i - a potion of ambrosia {unknown}
 k - a potion of heal wounds {unknown}
 s - a potion of lignification {unknown}
 u - a potion of agility {unknown}
 v - a potion of brilliance {unknown}
Comestibles
 f - 8 rations
 l - 9 chunks of flesh


   Skills:
 + Level 4.8 Fighting
 - Level 2.6 Polearms
 - Level 1.7 Throwing
 - Level 2.6 Dodging
 * Level 2.7 Stealth
 * Level 2.9 Shields
 + Level 1.7 Evocations


You had 5 spell levels left.
You didn't know any spells.
Your spell library was empty.

Dungeon Overview and Level Annotations

Branches:
Dungeon (4/15)             Temple (1/1) D:4

Altars:
Ashenzari
Cheibriados
Dithmenos
Elyvilon
Fedhas
Gozag
Hepliaklqana
Kikubaaqudgha
Makhleb
Nemelex Xobeh
Okawaru
Qazlal
Ru
Sif Muna
Trog
Uskayaw
Vehumet
Wu Jian
Xom
Yredelemnul
Zin
The Shining One

Shops:
D:4 }?

Annotations:
D:3 1 transporter


Innate Abilities, Weirdness & Mutations

You have a pair of small horns on your head.
You are significantly more attuned to the shadows.
You are partially covered in sharp spines.


Message History

C - a +2 halberd of pain
Things that are here:
a +0 vampiric halberd; a gnoll corpse
Things that are here:
a +0 vampiric halberd; a gnoll corpse Attack whom?
Press: ? - help, Dir - move target cursor, f - gnoll
Aim: a gnoll, wielding a +0 spear and carrying a wand of disintegration (15)
You reach to attack!
You hit the gnoll.
The gnoll is heavily wounded.
You block the gnoll's attack.
Attack whom?
Press: ? - help, Dir - move target cursor, f/p - gnoll
Aim: a gnoll, wielding a +0 spear and carrying a wand of disintegration (15) (heavily wounded)
You reach to attack!
You hit the gnoll but do no damage.
The gnoll is heavily wounded.
The gnoll zaps a wand.
You are blasted!
* * * LOW HITPOINT WARNING * * *
The gnoll zaps a wand.
You are blasted!
You die... ###.<..≈≈#...#.###.©.###.#g..#≈≈. #..#.≈≈#.[.###.#####.### ..#≈≈. #..#.≈≈###.............. ###≈≈. #..#.≈≈.8#.##'###'######.#8.≈≈. ###....≈≈.##.#...#..8#...#.##.≈≈. .......≈≈.#..'...÷.©⌠# W$'

.#.≈≈.
...#.#.≈≈.##.#...#..8#"g.#.##.≈≈.
###..#.≈≈.8#.##'###)######.#8.≈≈.
# #[.#.≈≈###.gg.@......... ###≈≈.
###.##.≈≈#...###©#####.### ..#≈≈.
.......≈≈#..g#.###.©.###.#...#≈≈.
#.#.#..≈≈#####...........#####≈≈.
#.#.##.≈≈≈≈≈≈≈≈≈≈≈≈≈≈≈≈≈≈≈≈≈≈≈≈≈.
#.#.##.≈≈≈≈≈≈≈≈≈≈≈≈≈≈≈≈≈≈≈≈≈≈≈≈≈.
#.#.##..............[............
#.#.#######.##..######.#######.##
#..>.######.###..................


You could see 2 gnolls.

Vanquished Creatures
  The ghost of Destapler the Magician, an amateur DrWn (D:3)
  A hound (D:4)
  4 gnolls (D:3)
  2 adders (D:4)
  4 worms
  3 dart slugs
  4 leopard geckos
  5 orcs
  13 bats
  3 giant cockroaches
  7 goblins
  3 hobgoblins (D:1)
  A jackal (D:4)
  A quokka (D:3)
  A ball python (D:1)
  6 frilled lizards
  14 kobolds
  11 rats
84 creatures vanquished.

Vanquished Creatures (others)
  A quokka (D:3)
  6 plants (D:3)
7 creatures vanquished.

Grand Total: 91 creatures vanquished

Notes
Turn   | Place    | Note
-------+----------+-------------------------------------------
     0 | D:1      | Destapler the Demonspawn Gladiator began the quest for the
                  | Orb.
     0 | D:1      | Reached XP level 1. HP: 16/16 MP: 1/1
   432 | D:1      | Gained mutation: You are slightly more attuned to the
                  | shadows. [demonic ancestry]
   432 | D:1      | Reached XP level 2. HP: 19/23 MP: 2/2
   535 | D:1      | Reached skill level 3 in Fighting
   715 | D:1      | Gained mutation: You are significantly more attuned to the
                  | shadows. [demonic ancestry]
   715 | D:1      | Reached XP level 3. HP: 24/29 MP: 3/3
  1356 | D:2      | Reached skill level 4 in Fighting
  1913 | D:3      | Gained mutation: You have a pair of small horns on your
                  | head. [demonic ancestry]
  1913 | D:3      | Reached XP level 4. HP: 37/37 MP: 4/4
  1930 | D:3      | Found a transporter.
  1958 | D:3      | Noticed Destapler's ghost (amateur DrWn)
  2116 | D:3      | Found a white marble altar of Elyvilon.
  2340 | D:3      | Reached skill level 1 in Shields
  2477 | D:3      | Found a transporter.
  2594 | D:4      | Found Sones's Gadget Boutique.
  2613 | D:4      | Bought a wand of iceblast (11) for 195 gold pieces
  2789 | D:4      | Reached skill level 1 in Stealth
  2799 | D:4      | Gained mutation: You are partially covered in sharp spines.
                  | [demonic ancestry]
  2799 | D:4      | Reached XP level 5. HP: 11/43 MP: 5/5
  3188 | D:4      | Found Ygadaink's Magic Scroll Boutique.
  3194 | D:4      | Bought a scroll of blinking for 97 gold pieces
  3194 | D:4      | Bought a scroll of identify for 26 gold pieces
  3313 | D:4      | Found a staircase to the Ecumenical Temple.
  3319 | Temple   | Entered the Ecumenical Temple
  3511 | Temple   | Became a worshipper of Dithmenos the Shadowed
  3652 | D:3      | Reached skill level 1 in Evocations
  3674 | D:3      | Killed Destapler's ghost
  3674 | D:3      | Reached XP level 6. HP: 25/50 MP: 5/7
  3693 | D:3      | Blown up by a gnoll

Levels and vault maps discovered:
D:1:      eino_arrival_druids_welcome, layout_basic, minmay_split_cup_large
D:2:      layout_loops_corners, first_ration
D:3:      layout_loops_ring, elyvilon_altar_4, gammafunk_ghost_gnarly_gnolls,
          serial_bayou_ford_a
D:4:      layout_rooms, minmay_temple_entry_fiery, serial_shops, shop,
          shop_coins, st_stairs_4
Temple:   kilobyte_greek_temple

Skill      XL: |  1  2  3  4  5 |
---------------+----------------+-----
Fighting       | 3 4 |  4.8
Shields        | 1 2 |  2.9
Stealth        | 1 2 |  2.7
Evocations     | 1 |  1.7
Polearms       | |  2.6
Throwing       | |  1.7
Dodging        | |  2.6

Action                   |  1- 3 |  4- 6 || total
-------------------------+-------+-------++-------
Melee: Trident           |   156 |   140 ||   296
       Headbutt          |       |    18 ||    18
  Use: Scroll            |       |     3 ||     3
       Potion            |       |     1 ||     1
 Stab: Sleeping          |    17 |     4 ||    21
       Distracted        |       |     1 ||     1
  Eat: Chunk             |     3 |     5 ||     8
Armor: Leather armour    |    21 |    13 ||    34
Dodge: Dodged            |    84 |    78 ||   162
Block: Shield            |     2 |    46 ||    48
